 Dungeon Crawl Stone Soup version 0.28-a0-863-g8cecda6153 (webtiles) character file.

Game seed: 182738517220803791

94 vineage the Skirmisher (level 4, -8/35 (37) HPs)
             Began as a Demonspawn Gladiator on Nov 18, 2021.
             Mangled by Crazy Yiuf (10 damage)
             ... on level 3 of the Dungeon.
             The game lasted 00:02:56 (3826 turns).

vineage the Skirmisher (Demonspawn Gladiator)       Turns: 3826, Time: 00:02:57

HP:   -8/35 (37)    AC:  4    Str: 15    XL:     4   Next: 38%
MP:   0/4           EV: 13    Int:  9    God:
Gold: 150           SH:  4    Dex: 15    Spells: 3/3 levels left

rFire   . . .      SeeInvis .   a - +0 war axe
rCold   . . .      Faith    .   h - +0 buckler
rNeg    . . .      Spirit   +   b - +0 leather armour
rPois   .          Reflect  .   c - +0 helmet
rElec   .          Harm     .   (no cloak)
rCorr   .          Rampage  .   (no gloves)
Will    .....                   (no boots)
Stlth   ++........              g - amulet of guardian spirit
HPRegen 0.11/turn               (no ring)
MPRegen 0.09/turn               (no ring)

@: about to teleport, drained
A: repulsion field 1
a: no special abilities


You were on level 3 of the Dungeon.
You visited 1 branch of the dungeon, and saw 3 of its levels.

You collected 150 gold pieces.

Inventory:

Hand Weapons
 a - a +0 war axe (weapon)
Missiles
 d - 3 throwing nets (quivered)
Armour
 b - a +0 leather armour (worn)
 c - a +0 helmet (worn)
 h - a +0 buckler (worn)
Jewellery
 g - an amulet of guardian spirit (around neck)
Scrolls
 e - 3 scrolls of teleportation
 f - a scroll of identify
 i - a scroll of immolation {unknown}


   Skills:
 + Level 4.2 Fighting
 - Level 2.6 Axes
 - Level 1.7 Throwing
 - Level 2.6 Dodging
 + Level 1.1 Stealth
 + Level 0.7 Shields


You had 3 spell levels left.
You didn't know any spells.
Your spell library was empty.

Dungeon Overview and Level Annotations

Branches:
Dungeon (3/15)

Altars:
Ashenzari
Hepliaklqana
Wu Jian

Annotations:
D:3 Crazy Yiuf


Innate Abilities, Weirdness & Mutations

You are surrounded by a mild repulsion field. (EV +2)


Message History

The orc shouts!
An orc is nearby!
You slash the orc!
You kill the orc!
No target in view!
No target in view!
No target in view!
No target in view!
No target in view!
No target in view!
No target in view!
No target in view!
There is an escape hatch in the floor here.
You see here a +0 mace.
You see here a +0 mace.
There is a shaft here.
There is a stone staircase leading down here.
There is an open door here.
There is an open door here.
There is a stone staircase leading down here.
Key pressed, stopping explore.
Could not explore, unopened runed door.
You open the door.
Crazy Yiuf shouts!
There is an open translucent door here.
Crazy Yiuf hits you with a +2 quarterstaff of chaos.
You convulse.
You hit Crazy Yiuf but do no damage.
Crazy Yiuf hits you with a +2 quarterstaff of chaos!!
You feel drained.
Crazy Yiuf hits you with a +2 quarterstaff of chaos!
* * * LOW HITPOINT WARNING * * *
You are too injured to fight recklessly!
You aren't carrying any potions.
As you read the scroll of teleportation, it crumbles to dust.
You feel strangely unstable.
Crazy Yiuf hits you with a +2 quarterstaff of chaos.
* * * LOW HITPOINT WARNING * * *
You are electrocuted!
You die...

.........(.#
#...P# #.#.#
#.#.#
##.........#
##...# ##.#.#
#.#.#
######..#.#
##.## #....#
#.#..
#.........# ##.#
##.#####..##
#.###...#.# #.##
#.#..)..)##
#.#.......# ##.#
#.#.......#
#.#.#.##..# #.##
#†#.......#
#.#.#.....#
##'##
#.#.......#
#.#.####..#
#.@.#
#.#######.#
##'#.####.##
#.g.# #.# #.#
..........#
#)..# #.# #.#
....#######
#####
#.#######.#
....#
#..........
....#
###############.
#####
#............)..
###############.
##


You could see Crazy Yiuf.

Vanquished Creatures
  2 adders (D:3)
  2 worms (D:2)
  7 orcs (D:3)
  7 endoplasms
  4 giant cockroaches
  5 goblins
  4 hobgoblins
  3 jackals (D:2)
  6 kobolds
  3 quokkas
  4 ball pythons
  4 bats
  3 frilled lizards (D:1)
  4 rats
58 creatures vanquished.

Notes
Turn   | Place    | Note
-------+----------+-------------------------------------------
     0 | D:1      | vineage the Demonspawn Gladiator began the quest for the
                  | Orb.
     0 | D:1      | Reached XP level 1. HP: 16/16 MP: 1/1
   382 | D:1      | Gained mutation: You are surrounded by a mild repulsion
                  | field. (EV +2) [demonic ancestry]
   382 | D:1      | Reached XP level 2. HP: 23/23 MP: 2/2
   852 | D:1      | Reached skill level 3 in Fighting
  1593 | D:2      | Found a faded altar of an unknown god.
  1658 | D:2      | Reached XP level 3. HP: 29/29 MP: 3/3
  2513 | D:3      | Found a hazy altar of Hepliaklqana.
  2628 | D:3      | Found a broken altar of Ashenzari.
  3115 | D:3      | Reached skill level 4 in Fighting
  3244 | D:3      | Found an ornate altar of the Wu Jian Council.
  3275 | D:3      | Reached XP level 4. HP: 37/37 MP: 4/4
  3338 | D:3      | Reached skill level 1 in Stealth
  3520 | D:3      | Found a runed translucent door.
  3521 | D:3      | Noticed Crazy Yiuf
  3826 | D:3      | Mangled by Crazy Yiuf

Illustrated notes

Levels and vault maps discovered:
D:1:      erik_arrival_orb_chamber, layout_basic, minmay_misc_feat_doors
D:2:      layout_basic, hellmonk_ecumenical_altar_arch_garden
D:3:      layout_basic, evilmike_ruin_ashenzari, nzn_wu_jian_council_hall,
          mainiacjoe_overflow_paths, uniq_crazy_yiuf_cottage

Skill      XL: |  1  2  3  4 |
---------------+-------------+-----
Fighting       | 3 4 |  4.2
Stealth        | 1 |  1.1
Axes           | |  2.6
Throwing       | |  1.7
Dodging        | |  2.6
Shields        | |  0.7

Action                   |  1- 3 |  4- 6 || total
-------------------------+-------+-------++-------
Melee: War axe           |   170 |    26 ||   196
  Use: Scroll            |     5 |     1 ||     6
 Stab: Sleeping          |     1 |       ||     1
Armor: Leather armour    |    46 |    10 ||    56
Dodge: Dodged            |   103 |    19 ||   122
Block: Buckler           |    31 |     4 ||    35

Table legend: (Time is in decaauts)
 A = Elapsed time spent in this place.
 B = Non-inter-level travel time spent in this place.
 C = Inter-level travel time spent in this place.
 D = Time resting spent in this place.
 E = Time spent auto-exploring this place.
 F = Levels seen in this place.
 G = Mean time per level.
                   A        B        C        D        E       F      G
               +--------+--------+--------+--------+--------+-----+--------+
         Total |   3911 |   3835 |     76 |      0 |   3316 |   3 | 1303.7 |
       Dungeon |   3911 |   3835 |     76 |      0 |   3316 |   3 | 1303.7 |
               +--------+--------+--------+--------+--------+-----+--------+

Top non-repeatable levels by time:
     D:1: 1422 daAuts
     D:3: 1360 daAuts
     D:2: 1129 daAuts
